 Dungeon Crawl Stone Soup version 0.28.0-45-g0d030f2227 (webtiles) character file.

Game seed: 15140436883220765466

94773 bnorton916 the Fencer (level 16, -18/96 HPs)
             Began as a Barachi Ice Elementalist on Apr 3, 2022.
             Was the Champion of Cheibriados.
             Blown up by an orb spider (51 damage)
             ... with an orb of destruction
             ... on level 1 of the Spider Nest on Apr 4, 2022.
             The game lasted 01:54:48 (36644 turns).

bnorton916 the Fencer (Barachi Ice Elementalist)   Turns: 36644, Time: 01:54:48

Health: -18/96     AC: 22    Str: 25    XL:     16   Next: 12%
Magic:  10/30      EV: 24    Int: 35    God:    Cheibriados [******]
Gold:   1081       SH:  7    Dex: 31    Spells: 6/35 levels left

rFire   . . .      SeeInvis .   P - +4 long sword of Eguecs {flame, rElec rC+++ Int-2 Dex+2}
rCold   + + +      Faith    .   a - +0 buckler {rPois}
rNeg    . . .      Spirit   .   I - +1 ring mail of Nuwer {rElec Regen+}
rPois   +          Reflect  .   m - +0 helmet
rElec   +          Harm     .   D - +2 cloak
rCorr   .          Rampage  .   Q - +2 pair of gloves {Stlth+}
Will    +....                   T - +2 pair of boots
Stlth   +++.......              W - amulet of magic regeneration
HPRegen 1.06/turn               r - +4 ring of protection
MPRegen 0.62/turn               p - +4 ring of evasion

@: studying 2 skills, very slow
A: amphibious, slowness 1, strong legs 2, +LOS, devolution 1
a: Hop, Renounce Religion, Bend Time, Temporal Distortion, Slouch, Step From
Time


You were on level 1 of the Spider Nest.
You worshipped Cheibriados.
Cheibriados was exalted by your worship.
You visited 5 branches of the dungeon, and saw 22 of its levels.
You also visited: Sewer, Gauntlet and Ice Cave.

You collected 4159 gold pieces.
You spent 3078 gold pieces at shops.

Inventory:

Hand Weapons
 P - the +4 long sword of Eguecs (weapon) {flame, rElec rC+++ Int-2 Dex+2}
   (You found it on level 10 of the Dungeon)

   It burns those it strikes, dealing additional fire damage.
   Big, fiery blades are also staple armaments of hydra-hunters.
   Int:       It affects your intelligence (-2).
   Dex:       It affects your dexterity (+2).
   rC:        It renders you almost immune to cold.
   rElec:     It insulates you from electricity.
Missiles
 u - a curare-tipped dart (quivered)
 U - 7 silver javelins
Armour
 a - a +0 buckler of poison resistance (worn)
 f - the +4 pair of gloves "Gimaom" {Harm rPois Stlth-}
   (You bought it in a shop on level 2 of the Orcish Mines)

   rPois:     It protects you from poison.
   Harm:      It increases damage dealt and taken.
   Stlth:     It makes you less stealthy.
 m - a +0 helmet (worn)
 D - a +2 cloak (worn)
 I - the +1 ring mail of Nuwer (worn) {rElec Regen+}
   (You found it on level 6 of the Dungeon)

   rElec:     It insulates you from electricity.
   Regen:     It increases your rate of health regeneration.
 Q - a +2 pair of gloves of stealth (worn)
 T - a +2 pair of boots (worn)
Jewellery
 p - a +4 ring of evasion (right hand)
 r - a +4 ring of protection (left hand)
 H - the ring "Jenac" {rCorr Dex+6}
   (You found it in a Gauntlet)

   [ring of dexterity]

   Dex:       It affects your dexterity (+6).
   rCorr:     It protects you from acid and corrosion.
 W - an amulet of magic regeneration (around neck)
Wands
 d - a wand of paralysis (22)
 g - a wand of flame (5)
 s - a wand of charming (11)
 E - a wand of polymorph (10)
 O - a wand of mindburst (19)
 V - a wand of digging (7)
 Z - a wand of iceblast (12)
Scrolls
 b - a scroll of magic mapping
 e - 11 scrolls of teleportation
 l - 6 scrolls of amnesia
 n - 2 scrolls of blinking
 o - 2 scrolls of fog
 q - 4 scrolls of summoning
 w - a scroll of silence
 C - 3 scrolls of holy word
 S - 2 scrolls of fear
Potions
 c - 2 potions of cancellation
 i - 6 potions of heal wounds
 k - a potion of brilliance
 v - 3 potions of curing
 x - 2 potions of resistance
 z - 2 potions of invisibility
 L - a potion of magic
 M - 2 potions of lignification
 N - 4 potions of might
Miscellaneous
 B - a tin of tremorstones (2/2)
 G - a phantom mirror
 Y - a box of beasts


   Skills:
 + Level 16.9 Long Blades
 - Level 7.0 Armour
 + Level 8.5 Dodging
 - Level 1.7 Stealth
 - Level 4.0 Shields
 + Level 10.2 Spellcasting
 - Level 11.4 Conjurations
 - Level 3.0 Transmutations
 - Level 4.0 Fire Magic
 - Level 10.1 Ice Magic
 - Level 4.0 Air Magic
 - Level 5.3 Earth Magic
 - Level 16.0 Poison Magic
 - Level 10.0 Invocations


You had 6 spell levels left.
You knew the following spells:

 Your Spells              Type           Power      Damage    Failure   Level
a - Freeze                Ice            100%       1d11      1%          1
b - Frozen Ramparts       Ice            100%       1d12      1%          3
c - Ozocubu's Armour      Ice            73%        N/A       1%          3
d - Hailstorm             Conj/Ice       75%        3d15      1%          4
e - Mephitic Cloud        Conj/Pois/Air  74%        N/A       1%          3
f - Ignite Poison         Fire/Tmut/Pois 64%        N/A       1%          3
g - Flame Wave            Conj/Fire      64%        2d12      1%          4
h - Freezing Cloud        Conj/Ice/Air   33%        6-21      4%          5
i - Stone Arrow           Conj/Erth      100%       3d13      1%          3

Your spell library contained the following spells:

 Spells                   Type           Power      Damage    Failure   Level
 Beastly Appendage        Tmut           76%        N/A       1%          1
 Foxfire                  Conj/Fire      100%       2x1d9     1%          1
 Sandblast                Erth           100%       2d20      1%          1
 Passwall                 Tmut/Erth      39%        N/A       1%          2
 Wereblood                Tmut           38%        N/A       1%          2
 Conjure Flame            Conj/Fire      64%        6-21      1%          3
 Spider Form              Tmut/Pois      71%        N/A       1%          3
 Ice Form                 Ice/Tmut       59%        N/A       3%          4
 Inner Flame              Hex/Fire       31%        N/A       6%          3
 Summon Ice Beast         Ice/Summ       52%        N/A       6%          4
 Sublimation of Blood     Necr           17%        N/A       7%          2
 Gell's Gravitas          Tloc           17%        N/A       14%         3
 Lesser Beckoning         Tloc           17%        N/A       14%         3
 Teleport Other           Tloc           17%        N/A       14%         3
 Borgnjor's Vile Clutch   Necr/Erth      18%        N/A       41%         5
 Animate Dead             Necr           8%         N/A       43%         4
 Simulacrum               Ice/Necr       26%        N/A       65%         6
 Death Channel            Necr           8%         N/A       100%        6
 Summon Hydra             Summ           8%         N/A       100%        7
 Polar Vortex             Ice            36%        N/A       100%        9


Dungeon Overview and Level Annotations

Branches:
Dungeon (12/15)            Temple (1/1) D:6            Lair (6/6) D:11
 Shoals (0/4) Lair:3       Spider (1/4) Lair:4        Slime (0/5) Lair:5
    Orc (2/2) D:10            Elf (0/3) Orc:2         Sewer (visited)
  IceCv (visited)         Gauntlet (visited)

Altars:
Ashenzari
Cheibriados
Dithmenos
Elyvilon
Hepliaklqana
Kikubaaqudgha
Okawaru
Qazlal
Ru
Trog
Uskayaw
Vehumet
Wu Jian
Xom
Zin
The Shining One

Shops:
D:1 :   D:7 !   D:10 [   D:12 *   Orc:1 :   Orc:2 (*([

Annotations:
D:7 1 runed translucent door, bnorton916's ghost, novice BaIE


Innate Abilities, Weirdness & Mutations

You are amphibious.
You cover ground slowly.
You can hop long distances.
You have an extended range of vision and can be seen from far away.
You have hidden genetic defects.


Message History

The orb spider pulsates with a strange energy.
The jorogumo simulacrum closely misses you.
Unknown command.
You block the jorogumo simulacrum's attack.
Unknown command.
The orb spider is engulfed in freezing vapours.
The orb spider weaves a glowing orb of energy.
You block the jorogumo simulacrum's attack.
An orb of destruction comes into view.
Unknown command.
The orb of destruction hits a rock wall.
You block the jorogumo simulacrum's attack.
The orb spider is engulfed in freezing vapours.
You kill the orb spider!
Cheibriados thoroughly appreciates the change of pace.
A freezing mist starts to gather...
An orb spider simulacrum comes into view.
Unknown command.
Casting: Freezing Cloud (dangerous; 4% risk of failure)
Confirm with . or Enter, or press ? or * to list all spells.
Casting: Flame Wave (mildly dangerous; 1% risk of failure)
Press: ? - help, Dir - look around, f - activate A wave of flame ripples out!
You hear a sizzling sound!
The flame wave engulfs the jorogumo simulacrum!!
The jorogumo simulacrum melts!
The jorogumo simulacrum is severely damaged. (Press . to intensify the flame waves.)
You block the jorogumo simulacrum's attack.
The orb spider simulacrum moves out of view.
Unknown command.
Unknown command.
A wave of flame ripples out!
The flame wave engulfs the jorogumo simulacrum!!
The jorogumo simulacrum melts!
The jorogumo simulacrum vaporises!
You hear a sizzling sound! x4; You hear an angry hiss.
The orb of destruction hits you!!!
Ouch! That really hurt!
You die...

#≈≈≈≈≈..>^.....####
##≈≈≈≈≈........#..###
##≈≈≈°.°...........#
##≈°≈≈#..........## # #
#####..............## ##
..#...#.#........#....# ###.
#.....#.††............###...
.........##............###..
##.......*#@.........≈####.^
≈...!#.§§☼☼..^#<.....#..##^#
.......§§...#........#..##..
......§#.§......^#^..≈...^.#
......§.................(...
...(...§§...............##..
......§○☼○[...#........≈≈≈##
....(..§..≈...#........#≈≈#
......?....#..##.........≈≈#


There were no monsters in sight!

Vanquished Creatures
  Saint Roka (Orc:2)
  Kirke (D:12)
  An emperor scorpion (Spider:1)
  A reaper (IceCv)
  A minotaur (Gauntlet)
  Josephine (D:10)
  9 hydras
  A jorogumo (Spider:1)
  3 centaur warriors
  4 boulder beetles
  A death knight (D:8)
  A radroach (Spider:1)
  10 death yaks
  A tengu warrior (Gauntlet)
  5 two-headed ogres
  A sixfirhy (Gauntlet)
  A pharaoh ant (Spider:1)
  An orb spider (Spider:1)
  A steelbarb worm (Spider:1)
  A lindwurm (Lair:3)
  An orc knight (Orc:2)
  2 deep elf pyromancers
  An orc sorcerer (Orc:1)
  An ugly thing (D:8)
  2 wolf spiders (Spider:1)
  3 cyclopes
  A moth of wrath (Spider:1)
  15 elephants
  2 manticores
  5 black mambas
  An ice statue (IceCv)
  15 cane toads
  2 torpor snails (Lair:5)
  A demonic crawler (Spider:1)
  4 gargoyles
  8 komodo dragons
  9 rime drakes
  An anaconda simulacrum (IceCv)
  A freezing wraith (IceCv)
  A tengu conjurer (Gauntlet)
  An entropy weaver simulacrum (IceCv)
  6 hornets
  3 trolls
  8 polar bears
  A slime creature (D:8)
  A raiju (Gauntlet)
  7 blink frogs
  3 dream sheep
  4 jumping spiders (Spider:1)
  7 culicivoras
  A vampire (D:11)
  5 basilisks
  7 wraiths
  8 wyverns
  5 water elementals
  3 hogs (D:12)
  12 spriggans (Lair:6)
  52 yaks
  2 steam dragons
  2 wargs (Orc:2)
  A vampire mosquito (D:8)
  16 redbacks (Spider:1)
  A harpy simulacrum (IceCv)
  3 acid dragons
  39 orc warriors
  19 water moccasins
  A sky beast (D:6)
  3 black bears
  A necrophage (D:5)
  3 ice beasts
  6 ogres
  31 wolves
  4 boggarts (Lair:6)
  22 centaurs
  4 kobold brigands
  12 bullfrogs
  A scorpion (D:7)
  3 two-headed ogre simulacra (IceCv)
  A wyvern zombie (D:7)
  A water moccasin skeleton (D:5)
  An elephant simulacrum (IceCv)
  9 killer bees (D:9)
  11 electric eels
  10 wights
  5 howler monkeys
  4 centaur zombies
  2 jellies
  8 hounds
  14 orc priests
  2 bullfrog skeletons
  Crazy Yiuf (D:4)
  2 iguanas
  17 orc wizards
  2 lightning spires (Gauntlet)
  A polar bear simulacrum (IceCv)
  8 spriggan simulacra (IceCv)
  10 troll simulacra (IceCv)
  A wolf simulacrum (IceCv)
  2 killer bee zombies
  A hound skeleton (D:4)
  A howler monkey skeleton (D:7)
  3 howler monkey zombies
  10 adders
  3 gnolls (D:6)
  4 naga simulacra (IceCv)
  5 river rats (Sewer)
  8 white imps
  12 ufetubi
  A worm (D:4)
  3 dart slugs
  61 orcs
  5 endoplasms
  4 giant cockroaches
  6 hobgoblins
  5 jackals (Sewer)
  7 quokkas
  5 ball pythons
  5 bats
  4 frilled lizards
  10 goblins
  7 kobolds
  7 rats
  2 bushes (Lair:4)
721 creatures vanquished.

Vanquished Creatures (others)
  Rupert (Orc:2)
  A wolf (D:11)
  An orc wizard (Orc:2)
  A hobgoblin (D:1)
  A bat (D:1)
  A bush (Lair:4)
  58 fungi
  146 plants
210 creatures vanquished.

Grand Total: 931 creatures vanquished

Notes
Turn   | Place    | Note
-------+----------+-------------------------------------------
     0 | D:1      | bnorton916 the Barachi Ice Elementalist began the quest for
                  | the Orb.
     0 | D:1      | Reached XP level 1. HP: 13/13 MP: 3/3
    12 | D:1      | You fall into a shaft and drop 1 floor!
   259 | D:2      | Reached skill level 5 in Ice Magic
   525 | D:2      | Reached XP level 2. HP: 15/19 MP: 0/5
  1115 | D:1      | Reached XP level 3. HP: 23/24 MP: 0/7
  1378 | D:1      | Found Reoturph's Book Boutique.
  2182 | D:2      | Learned a level 3 spell: Frozen Ramparts
  2186 | D:2      | Learned a level 3 spell: Ozocubu's Armour
  2426 | D:3      | Reached XP level 4. HP: 7/30 MP: 2/9
  3279 | D:4      | Found a runed translucent door.
  3280 | D:4      | Noticed Crazy Yiuf
  3286 | D:4      | Killed Crazy Yiuf
  3412 | D:4      | Reached XP level 5. HP: 30/35 MP: 6/10
  3477 | D:4      | Found a glowing drain.
  3518 | Sewer    | Entered a sewer
  3728 | Sewer    | Noticed a kobold brigand
  3737 | Sewer    | Killed a kobold brigand
  3738 | Sewer    | Reached XP level 6. HP: 24/41 MP: 6/12
  3996 | Sewer    | Learned a level 4 spell: Hailstorm
  4519 | Sewer    | Reached skill level 1 in Conjurations
  4829 | D:4      | Reached skill level 5 in Spellcasting
  4847 | D:4      | Reached XP level 7. HP: 27/46 MP: 8/14
  5569 | D:5      | Entered Level 5 of the Dungeon
  5569 | D:5      | Noticed a shadow
  5681 | D:5      | Learned a level 3 spell: Mephitic Cloud
  5692 | D:5      | Reached skill level 1 in Air Magic
  5692 | D:5      | Reached skill level 1 in Poison Magic
  6203 | D:5      | Reached XP level 8. HP: 38/52 MP: 11/16
  6736 | D:6      | Found a staircase to the Ecumenical Temple.
  6759 | D:6      | Reached skill level 5 in Conjurations
  7061 | D:6      | Learned a level 3 spell: Ignite Poison
  7100 | Temple   | Entered the Ecumenical Temple
  7383 | Temple   | Became a worshipper of Cheibriados the Contemplative
  7884 | D:6      | Identified the +1 ring mail of Nuwer {rElec Regen+}
  8037 | D:7      | Reached skill level 1 in Transmutations
  8037 | D:7      | Reached skill level 1 in Fire Magic
  8037 | D:7      | Reached XP level 9. HP: 57/57 MP: 10/17
  8266 | D:7      | Reached skill level 1 in Armour
  8314 | D:7      | Found Tywaol's Distillery.
  8320 | D:7      | Bought a potion of curing for 42 gold pieces
  8320 | D:7      | Bought a potion of magic for 112 gold pieces
  8320 | D:7      | Bought a potion of lignification for 42 gold pieces
  8320 | D:7      | Bought a potion of might for 56 gold pieces
  8320 | D:7      | Bought a potion of degeneration for 14 gold pieces
  8428 | D:7      | Reached * piety under Cheibriados
  9031 | D:7      | Noticed a gargoyle
  9059 | D:7      | Killed a gargoyle
  9060 | D:7      | Reached skill level 5 in Armour
  9789 | D:7      | Found a runed translucent door.
  9790 | D:7      | Noticed bnorton916's ghost (novice BaIE)
  9900 | D:7      | Noticed a guardian serpent
  9901 | D:7      | a guardian serpent changed into a spriggan
 10106 | D:8      | Reached ** piety under Cheibriados
 10445 | D:8      | Noticed a death knight
 10450 | D:8      | Noticed a cyan ugly thing
 10776 | D:8      | Reached skill level 5 in Poison Magic
 10776 | D:8      | Reached XP level 10. HP: 48/63 MP: 13/19
 10816 | D:8      | Noticed a centaur warrior
 10865 | D:8      | Learned a level 4 spell: Flame Wave
 10979 | D:8      | Noticed a gargoyle
 11687 | D:9      | Identified the +8 war axe "Demonbane" {elec, rElec Int+4
                  | Stlth+}
 12117 | D:10     | Entered Level 10 of the Dungeon
 12197 | D:10     | Found Jamp's Armour Shoppe.
 12267 | D:10     | Noticed a two-headed ogre
 12275 | D:10     | Killed a two-headed ogre
 12351 | D:10     | Found a hazy altar of Hepliaklqana.
 12364 | D:10     | Reached *** piety under Cheibriados
 12413 | D:10     | Noticed a five-headed hydra
 12429 | D:10     | Killed a five-headed hydra
 12573 | D:10     | Found a staircase to the Orcish Mines.
 12596 | D:10     | Learned a level 5 spell: Freezing Cloud
 12684 | D:10     | Noticed Josephine
 13025 | D:10     | Identified the +4 long sword of Eguecs {flame, rElec rC+++
                  | Int-2 Dex+2}
 13051 | D:10     | Killed Josephine
 13052 | D:10     | Reached XP level 11. HP: 28/68 MP: 10/24
 13870 | D:11     | Noticed a cyclops
 13881 | D:11     | Killed a cyclops
 13888 | D:11     | Reached **** piety under Cheibriados
 13967 | D:11     | Reached skill level 1 in Invocations
 13973 | D:11     | Noticed a two-headed ogre
 13987 | D:11     | Killed a two-headed ogre
 14083 | D:11     | Noticed a cyclops
 14104 | D:11     | Killed a cyclops
 14606 | D:11     | Found a staircase to the Lair.
 14786 | D:11     | Identified 2 scrolls of acquirement
 14787 | D:11     | Acquired 622 gold pieces
 14789 | D:11     | Acquired 959 gold pieces
 14886 | D:10     | Bought a +2 pair of gloves of stealth for 322 gold pieces
 14886 | D:10     | Bought a +2 pair of boots for 247 gold pieces
 14909 | D:10     | Bought a +0 helmet for 67 gold pieces
 14938 | D:11     | Reached skill level 5 in Dodging
 15450 | D:11     | Noticed a manticore
 15460 | D:11     | Killed a manticore
 15969 | D:8      | Noticed a centaur warrior
 15970 | D:8      | Noticed a deep elf pyromancer
 15974 | D:8      | Killed a deep elf pyromancer
 15977 | D:8      | Killed a centaur warrior
 15979 | D:8      | Reached ***** piety under Cheibriados
 15980 | D:8      | Reached skill level 10 in Poison Magic
 16122 | D:8      | Reached XP level 12. HP: 60/74 MP: 17/25
 16323 | D:8      | Killed a centaur warrior
 16324 | D:8      | Reached skill level 10 in Ice Magic
 16521 | D:8      | Learned a level 3 spell: Stone Arrow
 16588 | D:8      | Killed a death knight
 16589 | D:8      | Reached skill level 1 in Earth Magic
 17217 | D:12     | Reached skill level 10 in Conjurations
 17542 | D:12     | Noticed an eight-headed hydra
 17554 | D:12     | Killed an eight-headed hydra
 17830 | D:12     | Noticed Kirke
 17845 | D:12     | Killed Kirke
 17846 | D:12     | Reached skill level 5 in Invocations
 18109 | D:12     | Noticed a boulder beetle
 18123 | D:12     | Killed a boulder beetle
 18385 | D:12     | Noticed a two-headed ogre
 18397 | D:12     | Killed a two-headed ogre
 18519 | D:12     | Noticed a two-headed ogre
 18531 | D:12     | Killed a two-headed ogre
 18614 | D:12     | Found Bufu's Overcharged Wands.
 18670 | D:12     | Noticed a centaur warrior
 18677 | D:12     | Killed a centaur warrior
 19497 | D:12     | Noticed a two-headed ogre
 19516 | D:12     | Killed a two-headed ogre
 19908 | D:12     | Noticed a boulder beetle
 19923 | D:12     | Killed a boulder beetle
 19924 | D:12     | Reached skill level 5 in Earth Magic
 20303 | Lair:1   | Entered Level 1 of the Lair of Beasts
 20388 | Lair:1   | Found a frozen archway.
 20399 | IceCv    | Entered an ice cave
 20403 | IceCv    | Gained mutation: You can hop long distances. [Barachi
                  | growth]
 20403 | IceCv    | Reached XP level 13. HP: 79/79 MP: 17/26
 20439 | IceCv    | Found the +4 skin of Zhor {*Englaciate rC+++ SInv}
 20550 | IceCv    | Reached skill level 1 in Long Blades
 21821 | IceCv    | Noticed a reaper
 21854 | IceCv    | Killed a reaper
 22396 | IceCv    | Identified the +4 battleaxe of Jechirch {freeze, rElec
                  | Str-2 Dex+7}
 22598 | Lair:1   | You fall into a shaft and drop 1 floor!
 22788 | Lair:2   | Reached skill level 1 in Shields
 23354 | Lair:2   | Reached ****** piety under Cheibriados
 24337 | Lair:2   | Reached skill level 5 in Long Blades
 25892 | Lair:3   | Found a staircase to the Shoals.
 25898 | Lair:3   | Reached XP level 14. HP: 85/85 MP: 11/27
 27395 | Lair:4   | Reached skill level 10 in Invocations
 27592 | Lair:4   | Found a hole to the Spider Nest.
 28104 | Lair:5   | Reached skill level 10 in Long Blades
 28153 | Lair:5   | Found a gate leading to a gauntlet.
 28219 | Gauntlet | Entered a Gauntlet
 28219 | Gauntlet | Found a transporter.
 28219 | Gauntlet | Found a transporter.
 28219 | Gauntlet | Found a transporter.
 28219 | Gauntlet | Found a transporter.
 28233 | Gauntlet | Found a transporter.
 28234 | Gauntlet | Found a transporter.
 28239 | Gauntlet | Found a runed translucent gate.
 28239 | Gauntlet | Found a runed translucent gate.
 28239 | Gauntlet | Found a runed translucent gate.
 28240 | Gauntlet | Found the +10 morningstar "Eos" {elec, Halo rElec}
 28241 | Gauntlet | Found a transporter.
 28244 | Gauntlet | Found a transporter.
 28252 | Gauntlet | Found a transporter.
 28270 | Gauntlet | Found a transporter.
 28274 | Gauntlet | Found a transporter.
 28277 | Gauntlet | Found a transporter.
 28472 | Gauntlet | Identified the ring "Jenac" {rCorr Dex+6}
 28508 | Gauntlet | Identified the +0 pair of boots "Igirarph" {rElec rN+}
 28576 | Gauntlet | Identified the +2 helmet of Modesty {rElec rC- rCorr Int-5}
 28706 | Lair:5   | Found a staircase to the Slime Pits.
 29017 | Lair:5   | Identified the +2 steam dragon scales "Eckoy" {Dex+2}
 29347 | Lair:6   | Entered Level 6 of the Lair of Beasts
 29684 | Lair:6   | Reached XP level 15. HP: 88/90 MP: 14/28
 30581 | Lair:6   | Reached skill level 15 in Poison Magic
 30955 | Lair:6   | Reached skill level 15 in Long Blades
 31001 | Lair:6   | Paralysed by a hornet for 3 turns
 31696 | Orc:1    | Entered Level 1 of the Orcish Mines
 31860 | Orc:1    | Found Raxeta's Self-Improvement Boutique.
 31886 | Orc:1    | Bought a manual of Long Blades for 960 gold pieces
 31886 | Orc:1    | Bought a manual of Dodging for 960 gold pieces
 33095 | Orc:2    | Entered Level 2 of the Orcish Mines
 33095 | Orc:2    | Found a staircase to the Elven Halls.
 33169 | Orc:2    | Noticed Rupert
 33172 | Orc:2    | Paralysed by Rupert for 6 turns
 33474 | Orc:2    | Paralysed by Rupert for 6 turns
 33495 | Orc:2    | Killed Rupert
 35189 | Orc:2    | Found Cuvvystralus's Assorted Antiques.
 35189 | Orc:2    | Found Itsocyha's Weapon Shop.
 35192 | Orc:2    | Found Raxkamuj's Antique Armour Boutique.
 35194 | Orc:2    | Found Qaobuq's Antique Weapon Shoppe.
 35213 | Orc:2    | Noticed Saint Roka
 35429 | Orc:2    | Bought a pair of masterwork gloves for 256 gold pieces
 35429 | Orc:2    | Identified the +4 pair of gloves "Gimaom" {Harm rPois
                  | Stlth-} (You bought it in a shop on level 2 of the Orcish
                  | Mines)
 35505 | Orc:2    | Killed Saint Roka
 36054 | Spider:1 | Entered Level 1 of the Spider Nest
 36178 | Spider:1 | Reached skill level 10 in Spellcasting
 36207 | Spider:1 | Noticed an emperor scorpion
 36230 | Spider:1 | Killed an emperor scorpion
 36231 | Spider:1 | Reached XP level 16. HP: 56/96 MP: 25/30
 36384 | Spider:1 | Gained mutation: You have hidden genetic defects.
                  | [mutagenic glow]
 36644 | Spider:1 | Blown up by an orb spider

Illustrated notes

Levels and vault maps discovered:
D:1:      lightli_arrival_maybe_door_vault, layout_rooms, serial_shops, shop,
          lemuel_flame_loot_1
D:2:      layout_basic, minmay_splitting_lines
D:3:      layout_basic
D:4:      minmay_diamond_boxcup, layout_cave_pools, gup_sewer_entry_spiral,
          uniq_crazy_yiuf_cottage
D:5:      layout_gridville
D:6:      layout_cave_pools, minmay_temple_entry_statues_pillars
D:7:      layout_basic, ebering_ghost_inner_flame, serial_shops,
          nicolae_shop_waterfront, serial_park_tiny_2, st_stairs_8,
          minmay_manual_mess
D:8:      minmay_the_grid_plus [minmay_the_grid_spin_star,
          minmay_the_grid_doors, minmay_the_grid_diamond_grid,
          minmay_the_grid_box_x, minmay_the_grid_prize_inner_circle],
          layout_loops_cross
D:9:      layout_long_grid, serial_glass, glass_columns_a, glass_columns_a,
          glass_columns_a, glass_columns_a, glass_columns_a, glass_columns_a,
          glass_columns_a, glass_columns_c, glass_columns_a, glass_columns_a
D:10:     layout_cave_pods, mainiacjoe_overflow_small_starburst, david_orc_2,
          serial_shops, nicolae_shop_trees, enter_bailey_2, serial_column_ruins,
          column_ruins_square_medium, column_ruins_square_large,
          column_ruins_grid_1, column_ruins_grid_1, column_ruins_open_small,
          column_ruins_corridor_corner, uniq_josephine
D:11:     layout_basic, erik_lair_island
D:12:     layout_long_grid, serial_bayou, serial_bayou_lake_a,
          serial_bayou_shore_a, serial_bayou_shore_b, serial_bayou_lagoon_a,
          serial_bayou_pond_b, serial_bayou_shore_b,
          nicolae_shop_overcharged_wands, uniq_kirke
Temple:   mainiacjoe_temple_trianglar_array
Lair:1:   layout_small_grid, portal_ice_cave_entry_pillars_2,
          serial_bayou_shore_b
Lair:2:   nzn_winding_woodlands_large [nzn_winding_woodlands_5x5_default,
          nzn_winding_woodlands_5x15_sawtooth, nzn_winding_woodlands_5x5_cross,
          nzn_winding_woodlands_center_garden,
          nzn_winding_woodlands_15x15_eel_pit,
          nzn_winding_woodlands_center_lodge,
          nzn_winding_woodlands_5x5_checkerboard,
          nzn_winding_woodlands_5x15_pathside_ponds,
          nzn_winding_woodlands_5x5_open_star], layout_misc_corridors
Lair:3:   layout_gridlike, minmay_shoals_entry_centaurs,
          infiniplex_staircase_pool
Lair:4:   layout_cave_pods, hellmonk_spider_entry_life_and_decay,
          grunt_forest_small_clearings, wad_woods_06
Lair:5:   layout_big_grid, slime_dummy, gauntlet_entry_generic,
          hellmonk_guarded_unrand_zhor
Lair:6:   minmay_lair_end_enchanted_forest, layout_long_grid, grunt_megastairs_3
Spider:1: layout_spider_delve
Orc:1:    layout_caves, nicolae_shop_self_help
Orc:2:    st_orc_rangers, layout_caves, nicolae_orc_lava_tube, uniq_saint_roka,
          uniq_rupert

Skill      XL: |  1  2  3  4  5  6  7  8  9 10 11 12 13 14 15 16 |
---------------+-------------------------------------------------+-----
Ice Magic      | 5 6 7 8 9 10 | 10.1
Spellcasting   | 3 4 5 6 9 10 | 10.2
Conjurations   | 2 3 7 8 9 11 | 11.4
Air Magic      | 2 3 4 |  4.0
Poison Magic   | 2 3 5 8 10 12 14 15 16 | 16.0
Transmutations | 1 3 |  3.0
Fire Magic     | 1 3 4 |  4.0
Armour         | 7 |  7.0
Dodging        | 3 5 7 8 |  8.5
Invocations    | 3 6 8 10 | 10.0
Earth Magic    | 5 |  5.3
Long Blades    | 7 12 16 | 16.9
Shields        | 4 |  4.0
Stealth        | |  1.7

Action                   |  1- 3 |  4- 6 |  7- 9 | 10-12 | 13-15 | 16-18 || total
-------------------------+-------+-------+-------+-------+-------+-------++-------
Melee: Unarmed           |     5 |       |       |       |       |       ||     5
       Short sword       |    13 |     2 |       |       |       |       ||    15
       Punch             |       |     1 |     3 |     4 |    13 |       ||    21
       Quarterstaff      |       |    41 |    60 |       |       |       ||   101
       Long sword        |       |       |   128 |    80 |   618 |    22 ||   848
       War axe           |       |       |       |    39 |       |       ||    39
       Flail             |       |       |       |     7 |     1 |       ||     8
Throw: Dart              |       |     1 |       |     3 |     5 |     1 ||    10
       Stone             |       |       |       |     1 |       |       ||     1
 Cast: Freeze            |    37 |     5 |       |     4 |       |       ||    46
       Frozen Ramparts   |     3 |    20 |    51 |    47 |    52 |     4 ||   177
       Ozocubu's Armour  |       |     3 |    31 |    36 |    44 |     3 ||   117
       Mephitic Cloud    |       |       |     6 |    26 |    36 |       ||    68
       Ignite Poison     |       |       |     5 |    18 |    26 |       ||    49
       Flame Wave        |       |       |       |     7 |    11 |     3 ||    21
       Freezing Cloud    |       |       |       |    24 |   171 |     7 ||   202
       Stone Arrow       |       |       |       |     2 |    12 |       ||    14
Invok: Bend Time         |       |       |       |       |     1 |       ||     1
 Abil: Hop               |     2 |       |     2 |     4 |     6 |       ||    14
Evoke: Wand              |       |       |     6 |     1 |     2 |       ||     9
  Use: Potion            |     1 |       |     2 |     1 |     2 |     1 ||     7
       Scroll            |       |     7 |     7 |     9 |     6 |       ||    29
 Stab: Sleeping          |     1 |       |       |       |       |       ||     1
       Petrified         |       |       |     4 |       |       |       ||     4
       Confused          |       |       |       |     1 |     5 |       ||     6
       Distracted        |       |       |       |       |     4 |       ||     4
Armor: Robe              |    14 |    28 |   153 |       |       |       ||   195
       Ring mail         |       |       |       |   159 |   380 |    11 ||   550
Dodge: Dodged            |    35 |    45 |   165 |   276 |   982 |    35 ||  1538
Block: Buckler           |       |       |       |       |   212 |    15 ||   227
